Jets vs Canadiens
(R1)
Created - May 29, 2024 at 19:15
Goals
|
| Jets |
2 |
0 |
0 |
2 |
| Canadiens |
2 |
3 |
0 |
5 |
|
Shots
|
| Jets |
13 |
20 |
9 |
42 |
| Canadiens |
7 |
9 |
7 |
23 |
|
1st period
1. Canadiens , Rasmus Ristolainen 3 (Cam Fowler 6) at 1:30
2. Jets , Tyler Seguin 3 (Nino Niederreiter 4, Max Domi 6) at 4:26
3. Jets , Alex Galchenyuk 5 (Tyler Seguin 6, Jacob Markstrom) at 7:26 (PP)
4. Canadiens , Artemi Panarin 7 (Jordan Szwarz 5) at 9:42
Penalties :
Chris Kreider (Mon) for Tripping (Minor) at 5:59, Cam Fowler (Mon) for Roughing (Minor) at 9:51, Adam Larsson (Win) for High sticking (Minor) at 14:17
2nd period
5. Canadiens , David Pastrnak 4 (Artemi Panarin 9, Mika Zibanejad 5) at 5:26 (PP)
6. Canadiens , David Pastrnak 5 (Rasmus Ristolainen 16, Artemi Panarin 10) at 5:58 (PP)
7. Canadiens , Alexandre Grenier 4 (Corban Knight 5) at 14:58
Penalties :
Jordan Szwarz (Mon) for Cross-checking (Minor) at 0:33, Anthony Mantha (Win) for Goalie Interference (Minor) at 4:47, Ryan Johansen (Win) for Roughing (Minor) at 5:29, Chris Kreider (Mon) for Interference (Minor) at 7:32, Brent Burns (Mon) for Interference (Minor) at 8:58, Henrik Zetterberg (Win) for Holding (Minor) at 12:27
3rd period
No Goal
Penalties :
David Pastrnak (Mon) for Cross-checking (Minor) at 0:38, Alexandre Grenier (Mon) for Holding (Minor) at 3:30, Sean Zimmerman (Mon) for Tripping (Minor) at 0:00
Goalie Stats
Elvis Merzlikins (Win), 13 saves from 14 shots - (0.929), 34:02 minutes
Jacob Markstrom (Win), 5 saves from 9 shots - (0.556), L, 8-1-1, 25:58 minutes
Andrei Vasilevskiy (Mon), 40 saves from 42 shots - (0.952), W, 3-0-0, 60:00 minutes
Players Stats for Jets
Player Name G A P +/- PIM S H SB GA TA FO MP PP MP PK MP
------------------------------------------------------------------------------------
Adam Larsson 0 0 0 -2 2 4 2 2 0 0 0/0 19:58 0:00 2:34
Alex Galchenyuk 1 0 1 -1 0 6 2 0 1 1 1/3 24:52 8:56 1:35
Anthony Mantha 0 0 0 0 2 3 0 0 0 1 0/0 15:09 3:36 0:54
Dougie Hamilton 0 0 0 -2 0 5 0 3 1 1 0/0 30:16 9:12 3:44
Erik Cernak 0 0 0 0 0 2 1 1 0 0 0/0 15:28 0:00 1:00
Frank Vatrano 0 0 0 0 0 0 2 0 0 0 1/1 9:20 0:00 0:28
Henrik Zetterberg 0 0 0 -1 2 1 2 0 0 0 6/12 12:57 0:00 2:06
Kyle Connor 0 0 0 0 0 0 0 0 0 0 0/0 9:18 0:00 0:00
Max Domi 0 1 1 -1 0 3 1 0 0 0 4/8 14:01 3:52 1:15
Mirco Mueller 0 0 0 0 0 0 1 0 0 1 0/0 9:12 0:00 0:17
Nino Niederreiter 0 1 1 -2 0 1 0 1 0 1 4/11 17:21 3:52 1:59
Noel Acciari 0 0 0 0 0 1 0 0 0 0 3/5 5:17 0:00 1:30
Ryan Johansen 0 0 0 0 2 3 6 0 3 3 16/28 23:09 8:56 0:25
Ryan Murray 0 0 0 0 0 0 0 1 0 1 0/0 15:52 0:00 1:32
Sam Reinhart 0 0 0 0 0 1 0 1 0 0 0/0 13:37 3:36 0:00
Troy Stetcher 0 0 0 0 0 4 1 0 0 2 0/0 21:51 9:12 1:05
Tyler Seguin 1 1 2 -1 0 7 1 0 2 0 0/2 19:53 8:56 0:00
Tyler Toffoli 0 0 0 0 0 1 0 0 0 0 1/1 17:19 3:52 0:00
Players Stats for Canadiens
Player Name G A P +/- PIM S H SB GA TA FO MP PP MP PK MP
------------------------------------------------------------------------------------
Alexandre Grenier 1 0 1 0 2 3 1 1 0 1 0/0 9:50 0:03 0:00
Artemi Panarin 1 2 3 1 0 5 2 0 2 1 0/0 17:45 3:09 1:13
Brandon Bollig 0 0 0 0 0 0 0 0 0 0 0/0 11:48 0:03 3:43
Brent Burns 0 0 0 0 2 1 2 0 0 0 0/0 19:24 1:50 4:22
Brian Dumoulin 0 0 0 0 0 0 1 0 0 0 0/0 15:21 1:50 0:51
Cam Fowler 0 1 1 2 2 0 1 0 0 0 0/0 24:13 3:16 3:55
Chris Kreider 0 0 0 1 4 1 1 2 1 0 1/3 15:19 1:54 0:07
Cody Eakin 0 0 0 0 0 1 0 0 1 0 3/6 12:20 0:03 1:53
Corban Knight 0 1 1 0 0 0 0 0 1 0 3/5 7:24 0:00 0:00
David Pastrnak 2 0 2 1 2 4 1 1 2 0 1/2 17:09 3:09 0:00
Jiri Sekac 0 0 0 0 0 0 0 0 0 0 0/0 7:24 0:00 0:00
Jordan Szwarz 0 1 1 1 2 0 2 0 0 0 1/1 13:09 1:54 0:00
Justin Schultz 0 0 0 0 0 0 1 0 0 0 0/0 21:15 0:00 8:38
Marcus Kruger 0 0 0 0 0 1 3 0 0 0 0/2 14:19 0:00 7:12
Mika Zibanejad 0 1 1 1 0 2 2 0 1 2 13/26 20:37 3:09 3:43
Rasmus Ristolainen 1 1 2 2 0 4 1 1 3 1 0/0 19:49 3:16 0:00
Sean Zimmerman 0 0 0 0 2 1 0 2 0 2 0/0 20:02 0:00 7:49
Vincent Trocheck 0 0 0 1 0 0 1 0 0 0 13/26 19:24 1:54 7:12
3 Stars
1 - Artemi Panarin (Mon)
2 - Andrei Vasilevskiy (Mon)
3 - Rasmus Ristolainen (Mon)
Power Play
Jets - 1 on 8 Attempt(s) - 12.50%
Canadiens - 2 on 4 Attempt(s) - 50.00%
Penalty Kill
Jets - 2 on 4 Attempt(s) - 50.00%
- Score 0 goal in Penalty Kill
Canadiens - 7 on 8 Attempt(s) - 87.50%
- Score 0 goal in Penalty Kill
Team Stat
Jets - Hits : 19 - Faceoff Wins : 36 - Blocked Shots : 9 - Penalty Minutes : 8
Canadiens - Hits : 19 - Faceoff Wins : 35 - Blocked Shots : 7 - Penalty Minutes : 16
Official
Referees : Graham Skilliter and Brandon Blandina
Linesman : Ryan Daisy and Derek Amell
Game Notes
Noel Acciari is injured at 5:16 of 2nd period (Bruised Left Leg)
Elvis Merzlikins enters game at 5:58 of 2nd period
Finance
Level 1 -- Attendance: 6000 (100.00%) -- Ticket Income $600,000
Level 2 -- Attendance: 5000 (100.00%) -- Ticket Income $300,000
Level 3 -- Attendance: 2000 (100.00%) -- Ticket Income $70,000
Level 4 -- Attendance: 4000 (100.00%) -- Ticket Income $100,000
Luxury Box -- Attendance: 1000 (100.00%) -- Ticket Income $200,000
Game was played at the Centre Bell.
Total Attendance: 18000 (100.00%)
Total Ticket Income: $1,270,000
Other Income: $190,500
Total Income: $1,460,500
Jets
5 vs 5 Forward
Center Left Wing Right Wing Time % Phy DF OF
1 Ryan Johansen Alex Galchenyuk Tyler Toffoli 40 1 2 2
2 Max Domi Nino Niederreiter Tyler Seguin 30 1 2 2
3 Henrik Zetterberg Anthony Mantha Sam Reinhart 20 1 2 2
4 Noel Acciari Kyle Connor Frank Vatrano 10 1 2 2
5 vs 5 Defense
Defense Defense Time % Phy DF OF
1 Adam Larsson Dougie Hamilton 40 1 2 2
2 Ryan Murray Erik Cernak 30 1 2 2
3 Mirco Mueller Troy Stetcher 20 1 2 2
4 Erik Cernak Adam Larsson 10 1 2 2
PowerPlay Forward
Center Left Wing Right Wing Time % Phy DF OF
1 Ryan Johansen Alex Galchenyuk Tyler Seguin 60 1 2 2
2 Max Domi Nino Niederreiter Tyler Toffoli 40 1 2 2
PowerPlay Defense
Defense Defense Time % Phy DF OF
1 Troy Stetcher Dougie Hamilton 60 1 2 2
2 Sam Reinhart Anthony Mantha 40 1 2 2
Penalty Kill 4 Players Forward
Center Wing Time % Phy DF OF
1 Noel Acciari Henrik Zetterberg 60 1 2 2
2 Nino Niederreiter Frank Vatrano 40 1 2 2
Penalty Kill 4 Players Defense
Defense Defense Time % Phy DF OF
1 Adam Larsson Dougie Hamilton 60 1 2 2
2 Ryan Murray Troy Stetcher 40 1 2 2
Penalty Kill - 3 Players Forward
Forward Time % Phy DF OF
1 Noel Acciari 60 1 2 2
2 Anthony Mantha 40 1 2 2
Penalty Kill - 3 Players Defense
Defense Defense Time % Phy DF OF
1 Adam Larsson Dougie Hamilton 60 1 2 2
2 Ryan Murray Troy Stetcher 40 1 2 2
4 vs 4 Forward
Center Wing Time % Phy DF OF
1 Henrik Zetterberg Alex Galchenyuk 60 1 2 2
2 Max Domi Tyler Seguin 40 1 2 2
4 vs 4 Defense
Defense Defense Time % Phy DF OF
1 Adam Larsson Dougie Hamilton 60 1 2 2
2 Ryan Murray Troy Stetcher 40 1 2 2
Last Minutes Offensive
Center Left Wing Right Wing Defense Defense
Max Domi Alex Galchenyuk Tyler Seguin Adam Larsson Dougie Hamilton
Last Minutes Defensive
Center Left Wing Right Wing Defense Defense
Henrik Zetterberg Alex Galchenyuk Tyler Seguin Adam Larsson Dougie Hamilton
Goaltenders
Starting : Jacob Markstrom
Backup : Elvis Merzlikins
Extra Forwards
Normal : Tyler Toffoli, Anthony Mantha, Nino Niederreiter - PP : Tyler Toffoli, Anthony Mantha - PK : Nino Niederreiter
Extra Defensemen
Normal : Mirco Mueller, Ryan Murray, Erik Cernak - PP : Mirco Mueller - PK : Ryan Murray, Erik Cernak
Penalty Shots
Alex Galchenyuk, Tyler Seguin, Nino Niederreiter, Tyler Toffoli, Anthony Mantha
Custom OT Lines Forwards
Alex Galchenyuk, Tyler Seguin, Ryan Johansen, Nino Niederreiter, Tyler Toffoli, Anthony Mantha, Max Domi, Sam Reinhart, Noel Acciari, Frank Vatrano
Custom OT Lines Defensemen
Adam Larsson, Dougie Hamilton, Ryan Murray, Troy Stetcher, Mirco Mueller
Scratches
None
Canadiens
5 vs 5 Forward
Center Left Wing Right Wing Time % Phy DF OF
1 Mika Zibanejad Chris Kreider David Pastrnak 40 0 2 3
2 Vincent Trocheck Artemi Panarin Jordan Szwarz 35 0 2 3
3 Cody Eakin Jiri Sekac Marcus Kruger 20 0 2 3
4 Corban Knight Brandon Bollig Alexandre Grenier 5 0 2 3
5 vs 5 Defense
Defense Defense Time % Phy DF OF
1 Rasmus Ristolainen Cam Fowler 40 0 2 3
2 Brent Burns Brian Dumoulin 30 0 2 3
3 Sean Zimmerman Justin Schultz 20 0 2 3
4 Rasmus Ristolainen Cam Fowler 10 0 2 3
PowerPlay Forward
Center Left Wing Right Wing Time % Phy DF OF
1 Mika Zibanejad Artemi Panarin David Pastrnak 60 0 1 4
2 Vincent Trocheck Chris Kreider Jordan Szwarz 40 0 1 4
PowerPlay Defense
Defense Defense Time % Phy DF OF
1 Rasmus Ristolainen Cam Fowler 60 0 1 4
2 Brian Dumoulin Brent Burns 40 0 1 4
Penalty Kill 4 Players Forward
Center Wing Time % Phy DF OF
1 Vincent Trocheck Marcus Kruger 60 1 2 2
2 Mika Zibanejad Brandon Bollig 40 1 2 2
Penalty Kill 4 Players Defense
Defense Defense Time % Phy DF OF
1 Sean Zimmerman Justin Schultz 60 1 2 2
2 Cam Fowler Brent Burns 40 1 2 2
Penalty Kill - 3 Players Forward
Forward Time % Phy DF OF
1 Cody Eakin 60 0 3 2
2 Corban Knight 40 0 3 2
Penalty Kill - 3 Players Defense
Defense Defense Time % Phy DF OF
1 Justin Schultz Cam Fowler 60 0 3 2
2 Brian Dumoulin Sean Zimmerman 40 0 3 2
4 vs 4 Forward
Center Wing Time % Phy DF OF
1 Cody Eakin Artemi Panarin 60 0 2 3
2 Mika Zibanejad David Pastrnak 40 0 2 3
4 vs 4 Defense
Defense Defense Time % Phy DF OF
1 Rasmus Ristolainen Cam Fowler 60 0 2 3
2 Brian Dumoulin Brent Burns 40 0 2 3
Last Minutes Offensive
Center Left Wing Right Wing Defense Defense
Mika Zibanejad Artemi Panarin David Pastrnak Rasmus Ristolainen Cam Fowler
Last Minutes Defensive
Center Left Wing Right Wing Defense Defense
Mika Zibanejad Artemi Panarin David Pastrnak Rasmus Ristolainen Cam Fowler
Goaltenders
Starting : Andrei Vasilevskiy
Backup : Robin Lehner
Extra Forwards
Normal : David Pastrnak, Mika Zibanejad, Chris Kreider - PP : David Pastrnak, Artemi Panarin - PK : Marcus Kruger
Extra Defensemen
Normal : Rasmus Ristolainen, Cam Fowler, Justin Schultz - PP : Rasmus Ristolainen - PK : Justin Schultz, Cam Fowler
Penalty Shots
Vincent Trocheck, Artemi Panarin, Mika Zibanejad, David Pastrnak, Marcus Kruger
Custom OT Lines Forwards
Artemi Panarin, Mika Zibanejad, David Pastrnak, Chris Kreider, Vincent Trocheck, Marcus Kruger, Cody Eakin, Jiri Sekac, Jordan Szwarz, Corban Knight
Custom OT Lines Defensemen
Rasmus Ristolainen, Cam Fowler, Brian Dumoulin, Brent Burns, Sean Zimmerman
Scratches
None
% Time on Ice - Jets
Lines # - Real PCT - Wanted PCT - Time Play
Normal Forward
1 - 35% - 40% - 14:52
2 - 18% - 30% - 7:47
3 - 21% - 20% - 8:46
4 - 25% - 10% - 10:41
Normal Defense
1 - 41% - 40% - 17:20
2 - 36% - 30% - 15:07
3 - 16% - 20% - 6:39
4 - 7% - 10% - 3:00
PP Forward
1 - 70% - 60% - 8:56
2 - 30% - 40% - 3:52
PP Defense
1 - 72% - 60% - 9:12
2 - 28% - 40% - 3:36
PK Forward
1 - 91% - 60% - 4:38
2 - 9% - 40% - 0:28
PK Defense
1 - 79% - 60% - 4:01
2 - 21% - 40% - 1:05
PK3 Forward
1 - 0% - 60%
2 - 0% - 40%
PK3 Defense
1 - 0% - 60%
2 - 0% - 40%
44 Forward
1 - 0% - 60%
2 - 0% - 40%
44 Defense
1 - 0% - 60%
2 - 0% - 40%
Last Minute Offensive - 0:00
Last Minute Defensive - 0:00
Total
Forward - 60:00
Defense - 60:00
|
% Time on Ice - Canadiens
Lines # - Real PCT - Wanted PCT - Time Play
Normal Forward
1 - 46% - 40% - 19:29
2 - 24% - 35% - 10:00
3 - 16% - 20% - 6:41
4 - 14% - 5% - 5:56
Normal Defense
1 - 46% - 40% - 19:21
2 - 32% - 30% - 13:20
3 - 19% - 20% - 8:00
4 - 3% - 10% - 1:25
PP Forward
1 - 63% - 60% - 3:12
2 - 37% - 40% - 1:54
PP Defense
1 - 64% - 60% - 3:16
2 - 36% - 40% - 1:50
PK Forward
1 - 70% - 60% - 8:32
2 - 30% - 40% - 3:43
PK Defense
1 - 63% - 60% - 7:40
2 - 37% - 40% - 4:35
PK3 Forward
1 - 100% - 60% - 0:33
2 - 0% - 40% - 0:00
PK3 Defense
1 - 94% - 60% - 0:31
2 - 6% - 40% - 0:02
44 Forward
1 - 0% - 60%
2 - 0% - 40%
44 Defense
1 - 0% - 60%
2 - 0% - 40%
Last Minute Offensive - 0:00
Last Minute Defensive - 0:00
Total
Forward - 60:00
Defense - 60:00
|
Play-by-Play
1st period
0:01 of 1st period - Mika Zibanejad wins face-off versus Ryan Johansen in neutral zone.
0:10 of 1st period - Slapshot by Rasmus Ristolainen.
0:10 of 1st period - Stopped by Jacob Markstrom with a rebound.
0:12 of 1st period - Slapshot by Mika Zibanejad.
0:12 of 1st period - Deflect By Chris Kreider.
0:12 of 1st period - Shot Misses the Net.
0:12 of 1st period - Puck is out of play.
0:13 of 1st period - Jordan Szwarz wins face-off versus Max Domi in Jets zone.
0:28 of 1st period - Snap shot by Tyler Seguin.
0:28 of 1st period - Stopped by Andrei Vasilevskiy without a rebound.
0:29 of 1st period - Cody Eakin wins face-off versus Henrik Zetterberg in Canadiens zone.
0:29 of 1st period - Cody Eakin is hit by Mirco Mueller.
0:39 of 1st period - Snap shot by Marcus Kruger.
0:39 of 1st period - Shot Misses the Net.
0:41 of 1st period - Slapshot by Sean Zimmerman.
0:41 of 1st period - Stopped by Jacob Markstrom without a rebound.
0:42 of 1st period - Noel Acciari wins face-off versus Mika Zibanejad in Jets zone.
0:53 of 1st period - Slapshot by Noel Acciari.
0:53 of 1st period - Stopped by Andrei Vasilevskiy without a rebound.
0:54 of 1st period - Vincent Trocheck wins face-off versus Ryan Johansen in Canadiens zone.
0:54 of 1st period - Vincent Trocheck is hit by Ryan Johansen.
1:00 of 1st period - Wrist shot by Alex Galchenyuk.
1:00 of 1st period - Stopped by Andrei Vasilevskiy with a rebound.
1:24 of 1st period - Backhand shot by Tyler Seguin.
1:24 of 1st period - Shot Blocked by David Pastrnak.
1:30 of 1st period - Slapshot by Rasmus Ristolainen.
1:30 of 1st period - Goal by Rasmus Ristolainen - Jets : 0 - Canadiens : 1.
1:31 of 1st period - Henrik Zetterberg wins face-off versus Cody Eakin in neutral zone.
1:56 of 1st period - Brian Dumoulin is hit by Alex Galchenyuk and loses puck.
2:05 of 1st period - Wrist shot by Ryan Johansen.
2:05 of 1st period - Stopped by Andrei Vasilevskiy without a rebound.
2:06 of 1st period - Chris Kreider wins face-off versus Max Domi in Canadiens zone.
2:06 of 1st period - Chris Kreider is hit by Tyler Seguin.
2:57 of 1st period - Jiri Sekac is hit by Adam Larsson and loses puck.
3:06 of 1st period - Ryan Murray is hit by Marcus Kruger and loses puck.
4:07 of 1st period - Backhand shot by Tyler Toffoli.
4:07 of 1st period - Shot Misses the Net.
4:09 of 1st period - Slapshot by Erik Cernak.
4:09 of 1st period - Shot Misses the Net.
4:20 of 1st period - Icing by Brent Burns.
4:21 of 1st period - Max Domi wins face-off versus Corban Knight in Canadiens zone.
4:26 of 1st period - Wrist shot by Tyler Seguin.
4:26 of 1st period - Goal by Tyler Seguin - Jets : 1 - Canadiens : 1.
4:27 of 1st period - Mika Zibanejad wins face-off versus Henrik Zetterberg in neutral zone.
5:01 of 1st period - Cody Eakin is hit by Henrik Zetterberg and loses puck.
5:26 of 1st period - Icing by Jordan Szwarz.
5:27 of 1st period - Vincent Trocheck wins face-off versus Max Domi in Canadiens zone.
5:34 of 1st period - Wrist shot by Vincent Trocheck.
5:34 of 1st period - Deflect By Artemi Panarin.
5:34 of 1st period - Stopped by Jacob Markstrom with a rebound.
5:38 of 1st period - Wrist shot by Artemi Panarin.
5:38 of 1st period - Stopped by Jacob Markstrom without a rebound.
5:39 of 1st period - David Pastrnak wins face-off versus Ryan Johansen in Jets zone.
5:44 of 1st period - Wrist shot by David Pastrnak.
5:44 of 1st period - Shot Misses the Net.
5:50 of 1st period - Slapshot by Alex Galchenyuk.
5:50 of 1st period - Stopped by Andrei Vasilevskiy with a rebound.
5:52 of 1st period - Slapshot by Dougie Hamilton.
5:52 of 1st period - Stopped by Andrei Vasilevskiy with a rebound.
5:54 of 1st period - Wrist shot by Tyler Toffoli.
5:54 of 1st period - Stopped by Andrei Vasilevskiy with a rebound.
5:59 of 1st period - Minor Penalty to Chris Kreider for Tripping.
6:00 of 1st period - Ryan Johansen wins face-off versus Marcus Kruger in Canadiens zone.
6:02 of 1st period - Snap shot by Alex Galchenyuk.
6:02 of 1st period - Shot Misses the Net.
6:04 of 1st period - Slapshot by Dougie Hamilton.
6:04 of 1st period - Shot Hit the Post.
7:26 of 1st period - Wrist shot by Alex Galchenyuk.
7:26 of 1st period - Goal by Alex Galchenyuk - Jets : 2 - Canadiens : 1.
7:27 of 1st period - Henrik Zetterberg wins face-off versus Mika Zibanejad in neutral zone.
7:44 of 1st period - Backhand shot by David Pastrnak.
7:44 of 1st period - Shot Misses the Net.
7:54 of 1st period - Noel Acciari is hit by Vincent Trocheck.
7:58 of 1st period - Noel Acciari is hit by Brent Burns.
8:25 of 1st period - Slapshot by Marcus Kruger.
8:25 of 1st period - Shot Misses the Net.
8:34 of 1st period - Icing by Sean Zimmerman.
8:35 of 1st period - Corban Knight wins face-off versus Henrik Zetterberg in Canadiens zone.
8:35 of 1st period - Corban Knight is hit by Adam Larsson.
8:41 of 1st period - Slapshot by Cam Fowler.
8:41 of 1st period - Shot Blocked by Sam Reinhart.
8:47 of 1st period - Slapshot by Rasmus Ristolainen.
8:47 of 1st period - Stopped by Jacob Markstrom without a rebound.
8:48 of 1st period - Ryan Johansen wins face-off versus Mika Zibanejad in Jets zone.
9:19 of 1st period - Off-side.
9:20 of 1st period - Vincent Trocheck wins face-off versus Max Domi in neutral zone.
9:23 of 1st period - Dougie Hamilton is hit by Brent Burns and loses puck.
9:42 of 1st period - Snap shot by Artemi Panarin.
9:42 of 1st period - Goal by Artemi Panarin - Jets : 2 - Canadiens : 2.
9:43 of 1st period - Ryan Johansen wins face-off versus Chris Kreider in neutral zone.
9:48 of 1st period - Slapshot by Adam Larsson.
9:48 of 1st period - Stopped by Andrei Vasilevskiy without a rebound.
9:49 of 1st period - Mika Zibanejad wins face-off versus Ryan Johansen in Canadiens zone.
9:51 of 1st period - Minor Penalty to Cam Fowler for Roughing.
9:52 of 1st period - Vincent Trocheck wins face-off versus Tyler Seguin in Canadiens zone.
10:51 of 1st period - Alex Galchenyuk is hit by Artemi Panarin and loses puck.
11:23 of 1st period - Wrist shot by Alex Galchenyuk.
11:23 of 1st period - Stopped by Andrei Vasilevskiy without a rebound.
11:24 of 1st period - Tyler Toffoli wins face-off versus Vincent Trocheck in Canadiens zone.
11:51 of 1st period - Penalty to Cam Fowler is over, Cam Fowler is back on ice.
12:23 of 1st period - Alexandre Grenier is hit by Erik Cernak and loses puck.
13:48 of 1st period - Off-side.
13:49 of 1st period - Corban Knight wins face-off versus Henrik Zetterberg in neutral zone.
14:01 of 1st period - Wrist shot by Brandon Bollig.
14:01 of 1st period - Deflect By Adam Larsson.
14:01 of 1st period - Shot Blocked by Dougie Hamilton.
14:01 of 1st period - Puck is out of play.
14:02 of 1st period - Mika Zibanejad wins face-off versus Alex Galchenyuk in Jets zone.
14:05 of 1st period - Wrist shot by Chris Kreider.
14:05 of 1st period - Shot Misses the Net.
14:16 of 1st period - Slapshot by Adam Larsson.
14:16 of 1st period - Stopped by Andrei Vasilevskiy with a rebound.
14:17 of 1st period - Minor Penalty to Adam Larsson for High sticking.
14:18 of 1st period - Mika Zibanejad wins face-off versus Noel Acciari in Jets zone.
15:19 of 1st period - Slapshot by Dougie Hamilton.
15:19 of 1st period - Stopped by Andrei Vasilevskiy with a rebound.
16:17 of 1st period - Penalty to Adam Larsson is over, Adam Larsson is back on ice.
16:56 of 1st period - Icing by Ryan Murray.
16:57 of 1st period - Ryan Johansen wins face-off versus Corban Knight in Jets zone.
17:02 of 1st period - Brent Burns is hit by Ryan Johansen and loses puck.
17:42 of 1st period - Mika Zibanejad is hit by Max Domi and loses puck.
17:48 of 1st period - Off-side.
17:49 of 1st period - Vincent Trocheck wins face-off versus Ryan Johansen in neutral zone.
18:58 of 1st period - Snap shot by Frank Vatrano.
18:58 of 1st period - Deflect By Noel Acciari.
18:58 of 1st period - Shot Misses the Net.
18:58 of 1st period - Puck is out of play.
18:59 of 1st period - Corban Knight wins face-off versus Noel Acciari in Canadiens zone.
19:36 of 1st period - Ryan Murray is hit by David Pastrnak and loses puck.
Goals for this period are 2 for Jets vs 2 for Canadiens.
Shots for this period are 13 for Jets vs 7 for Canadiens.
2nd period
0:01 of 2nd period - Mika Zibanejad wins face-off versus Alex Galchenyuk in neutral zone.
0:33 of 2nd period - Minor Penalty to Jordan Szwarz for Cross-checking.
0:34 of 2nd period - Ryan Johansen wins face-off versus Vincent Trocheck in Canadiens zone.
0:36 of 2nd period - Slapshot by Alex Galchenyuk.
0:36 of 2nd period - Stopped by Andrei Vasilevskiy without a rebound.
0:37 of 2nd period - Vincent Trocheck wins face-off versus Tyler Seguin in Canadiens zone.
0:37 of 2nd period - Vincent Trocheck is hit by Ryan Johansen.
0:47 of 2nd period - Wrist shot by Alex Galchenyuk.
0:47 of 2nd period - Deflect By Ryan Johansen.
0:47 of 2nd period - Deflect By Sean Zimmerman.
0:47 of 2nd period - Stopped by Andrei Vasilevskiy with a rebound.
0:49 of 2nd period - Wrist shot by Tyler Seguin.
0:49 of 2nd period - Shot Misses the Net.
0:51 of 2nd period - Snap shot by Ryan Johansen.
0:51 of 2nd period - Shot Misses the Net.
2:33 of 2nd period - Penalty to Jordan Szwarz is over, Jordan Szwarz is back on ice.
2:48 of 2nd period - Off-side.
2:49 of 2nd period - Noel Acciari wins face-off versus Mika Zibanejad in neutral zone.
3:02 of 2nd period - Noel Acciari is hit by Cam Fowler and loses puck.
3:21 of 2nd period - Snap shot by Sam Reinhart.
3:21 of 2nd period - Deflect By Henrik Zetterberg.
3:21 of 2nd period - Stopped by Andrei Vasilevskiy with a rebound.
3:23 of 2nd period - Snap shot by Anthony Mantha.
3:23 of 2nd period - Stopped by Andrei Vasilevskiy with a rebound.
3:25 of 2nd period - Snap shot by Anthony Mantha.
3:25 of 2nd period - Deflect By Sam Reinhart.
3:25 of 2nd period - Stopped by Andrei Vasilevskiy with a rebound.
3:41 of 2nd period - Wrist shot by Tyler Toffoli.
3:41 of 2nd period - Deflect By Justin Schultz.
3:41 of 2nd period - Shot Blocked by Sean Zimmerman.
3:41 of 2nd period - Puck is out of play.
3:42 of 2nd period - Max Domi wins face-off versus Chris Kreider in Canadiens zone.
4:47 of 2nd period - Minor Penalty to Anthony Mantha for Goalie Interference.
4:48 of 2nd period - Noel Acciari wins face-off versus David Pastrnak in Jets zone.
5:15 of 2nd period - Noel Acciari is hit by Chris Kreider.
5:16 of 2nd period - Noel Acciari from Jets is injured at 5:16 of 2nd period (Bruised Left Leg).
5:17 of 2nd period - Mika Zibanejad wins face-off versus Nino Niederreiter in Jets zone.
5:26 of 2nd period - Wrist shot by David Pastrnak.
5:26 of 2nd period - Deflect By Adam Larsson.
5:26 of 2nd period - Goal by David Pastrnak - Jets : 2 - Canadiens : 3.
5:27 of 2nd period - Ryan Johansen wins face-off versus Mika Zibanejad in neutral zone.
5:29 of 2nd period - Minor Penalty to Ryan Johansen for Roughing.
5:30 of 2nd period - Nino Niederreiter wins face-off versus Mika Zibanejad in Jets zone.
5:39 of 2nd period - Off-side.
5:40 of 2nd period - Mika Zibanejad wins face-off versus Nino Niederreiter in neutral zone.
5:58 of 2nd period - Wrist shot by David Pastrnak.
5:58 of 2nd period - Goal by David Pastrnak - Jets : 2 - Canadiens : 4.
5:58 of 2nd period - Elvis Merzlikins enters game.
5:59 of 2nd period - Mika Zibanejad wins face-off versus Ryan Johansen in neutral zone.
6:02 of 2nd period - Cam Fowler is hit by Ryan Johansen and loses puck.
6:57 of 2nd period - Off-side.
6:58 of 2nd period - Ryan Johansen wins face-off versus Mika Zibanejad in neutral zone.
7:09 of 2nd period - Snap shot by David Pastrnak.
7:09 of 2nd period - Stopped by Elvis Merzlikins without a rebound.
7:10 of 2nd period - Mika Zibanejad wins face-off versus Ryan Johansen in Jets zone.
7:32 of 2nd period - Minor Penalty to Chris Kreider for Interference.
7:33 of 2nd period - Ryan Johansen wins face-off versus Vincent Trocheck in Canadiens zone.
7:36 of 2nd period - Snap shot by Ryan Johansen.
7:36 of 2nd period - Shot Misses the Net.
7:44 of 2nd period - Snap shot by Tyler Seguin.
7:44 of 2nd period - Stopped by Andrei Vasilevskiy with a rebound.
7:46 of 2nd period - Slapshot by Troy Stetcher.
7:46 of 2nd period - Stopped by Andrei Vasilevskiy without a rebound.
7:47 of 2nd period - Ryan Johansen wins face-off versus Vincent Trocheck in Canadiens zone.
7:48 of 2nd period - Slapshot by Tyler Seguin.
7:48 of 2nd period - Stopped by Andrei Vasilevskiy without a rebound.
7:49 of 2nd period - Vincent Trocheck wins face-off versus Ryan Johansen in Canadiens zone.
8:00 of 2nd period - Wrist shot by Tyler Seguin.
8:00 of 2nd period - Shot Misses the Net.
8:02 of 2nd period - Slapshot by Dougie Hamilton.
8:02 of 2nd period - Stopped by Andrei Vasilevskiy without a rebound.
8:03 of 2nd period - Ryan Johansen wins face-off versus Vincent Trocheck in Canadiens zone.
8:08 of 2nd period - Snap shot by Alex Galchenyuk.
8:08 of 2nd period - Shot Misses the Net.
8:40 of 2nd period - Wrist shot by Nino Niederreiter.
8:40 of 2nd period - Stopped by Andrei Vasilevskiy with a rebound.
8:58 of 2nd period - Minor Penalty to Brent Burns for Interference.
8:59 of 2nd period - Ryan Johansen wins face-off versus Cody Eakin in Canadiens zone.
9:02 of 2nd period - Backhand shot by Ryan Johansen.
9:02 of 2nd period - Stopped by Andrei Vasilevskiy without a rebound.
9:03 of 2nd period - Cody Eakin wins face-off versus Ryan Johansen in Canadiens zone.
9:03 of 2nd period - Cody Eakin is hit by Alex Galchenyuk.
9:32 of 2nd period - Penalty to Chris Kreider is over, Chris Kreider is back on ice.
9:36 of 2nd period - Slapshot by Dougie Hamilton.
9:36 of 2nd period - Shot Blocked by Chris Kreider.
9:38 of 2nd period - Slapshot by Troy Stetcher.
9:38 of 2nd period - Stopped by Andrei Vasilevskiy without a rebound.
9:39 of 2nd period - Nino Niederreiter wins face-off versus Vincent Trocheck in Canadiens zone.
10:24 of 2nd period - Max Domi is hit by Marcus Kruger and loses puck.
10:45 of 2nd period - Dougie Hamilton is hit by Mika Zibanejad.
10:58 of 2nd period - Penalty to Brent Burns is over, Brent Burns is back on ice.
11:07 of 2nd period - David Pastrnak is hit by Henrik Zetterberg and loses puck.
11:34 of 2nd period - Tyler Toffoli is hit by Rasmus Ristolainen and loses puck.
12:17 of 2nd period - Wrist shot by Cody Eakin.
12:17 of 2nd period - Shot Misses the Net.
12:19 of 2nd period - Snap shot by Jiri Sekac.
12:19 of 2nd period - Shot Misses the Net.
12:21 of 2nd period - Snap shot by Cody Eakin.
12:21 of 2nd period - Stopped by Elvis Merzlikins with a rebound.
12:27 of 2nd period - Minor Penalty to Henrik Zetterberg for Holding.
12:28 of 2nd period - Mika Zibanejad wins face-off versus Nino Niederreiter in Jets zone.
12:29 of 2nd period - Wrist shot by David Pastrnak.
12:29 of 2nd period - Stopped by Elvis Merzlikins without a rebound.
12:30 of 2nd period - Mika Zibanejad wins face-off versus Nino Niederreiter in Jets zone.
12:45 of 2nd period - Snap shot by Mika Zibanejad.
12:45 of 2nd period - Stopped by Elvis Merzlikins with a rebound.
12:47 of 2nd period - Wrist shot by Mika Zibanejad.
12:47 of 2nd period - Shot Blocked by Nino Niederreiter.
13:05 of 2nd period - Slapshot by Brent Burns.
13:05 of 2nd period - Shot Blocked by Adam Larsson.
14:27 of 2nd period - Penalty to Henrik Zetterberg is over, Henrik Zetterberg is back on ice.
14:30 of 2nd period - Icing by Dougie Hamilton.
14:31 of 2nd period - Cody Eakin wins face-off versus Nino Niederreiter in Jets zone.
14:38 of 2nd period - Wrist shot by Marcus Kruger.
14:38 of 2nd period - Shot Blocked by Dougie Hamilton.
14:40 of 2nd period - Slapshot by Marcus Kruger.
14:40 of 2nd period - Shot Blocked by Dougie Hamilton.
14:42 of 2nd period - Snap shot by Jiri Sekac.
14:42 of 2nd period - Shot Misses the Net.
14:44 of 2nd period - Wrist shot by Marcus Kruger.
14:44 of 2nd period - Shot Blocked by Adam Larsson.
14:58 of 2nd period - Snap shot by Alexandre Grenier.
14:58 of 2nd period - Goal by Alexandre Grenier - Jets : 2 - Canadiens : 5.
14:59 of 2nd period - Max Domi wins face-off versus Mika Zibanejad in neutral zone.
15:10 of 2nd period - Snap shot by Tyler Seguin.
15:10 of 2nd period - Stopped by Andrei Vasilevskiy with a rebound.
15:56 of 2nd period - Snap shot by Alexandre Grenier.
15:56 of 2nd period - Shot Misses the Net.
15:58 of 2nd period - Snap shot by Brandon Bollig.
15:58 of 2nd period - Shot Blocked by Erik Cernak.
16:14 of 2nd period - Off-side.
16:15 of 2nd period - Frank Vatrano wins face-off versus Mika Zibanejad in neutral zone.
16:18 of 2nd period - Wrist shot by Adam Larsson.
16:18 of 2nd period - Stopped by Andrei Vasilevskiy with a rebound.
16:20 of 2nd period - Slapshot by Adam Larsson.
16:20 of 2nd period - Shot Blocked by Chris Kreider.
16:22 of 2nd period - Slapshot by Adam Larsson.
16:22 of 2nd period - Stopped by Andrei Vasilevskiy without a rebound.
16:23 of 2nd period - Vincent Trocheck wins face-off versus Ryan Johansen in Canadiens zone.
16:23 of 2nd period - Vincent Trocheck is hit by Ryan Johansen.
16:29 of 2nd period - Snap shot by Jordan Szwarz.
16:29 of 2nd period - Shot Misses the Net.
16:31 of 2nd period - Slapshot by Justin Schultz.
16:31 of 2nd period - Shot Misses the Net.
16:39 of 2nd period - Snap shot by Artemi Panarin.
16:39 of 2nd period - Stopped by Elvis Merzlikins with a rebound.
17:05 of 2nd period - Marcus Kruger is hit by Ryan Johansen and loses puck.
17:20 of 2nd period - Slapshot by Dougie Hamilton.
17:20 of 2nd period - Stopped by Andrei Vasilevskiy with a rebound.
17:28 of 2nd period - Snap shot by Max Domi.
17:28 of 2nd period - Shot Blocked by Rasmus Ristolainen.
17:30 of 2nd period - Snap shot by Max Domi.
17:30 of 2nd period - Stopped by Andrei Vasilevskiy with a rebound.
17:32 of 2nd period - Wrist shot by Max Domi.
17:32 of 2nd period - Stopped by Andrei Vasilevskiy with a rebound.
17:50 of 2nd period - Wrist shot by Anthony Mantha.
17:50 of 2nd period - Stopped by Andrei Vasilevskiy without a rebound.
17:51 of 2nd period - Nino Niederreiter wins face-off versus Vincent Trocheck in Canadiens zone.
17:52 of 2nd period - Snap shot by Max Domi.
17:52 of 2nd period - Stopped by Andrei Vasilevskiy without a rebound.
17:53 of 2nd period - Max Domi wins face-off versus Vincent Trocheck in Canadiens zone.
18:50 of 2nd period - Snap shot by Rasmus Ristolainen.
18:50 of 2nd period - Stopped by Elvis Merzlikins with a rebound.
18:52 of 2nd period - Snap shot by Jiri Sekac.
18:52 of 2nd period - Shot Misses the Net.
19:26 of 2nd period - Nino Niederreiter is hit by Artemi Panarin and loses puck.
Goals for this period are 0 for Jets vs 3 for Canadiens.
Shots for this period are 20 for Jets vs 9 for Canadiens.
3rd period
0:01 of 3rd period - Ryan Johansen wins face-off versus Vincent Trocheck in neutral zone.
0:26 of 3rd period - Dougie Hamilton is hit by Mika Zibanejad and loses puck.
0:38 of 3rd period - Minor Penalty to David Pastrnak for Cross-checking.
0:39 of 3rd period - Ryan Johansen wins face-off versus Marcus Kruger in Canadiens zone.
0:39 of 3rd period - Snap shot by Alex Galchenyuk.
0:39 of 3rd period - Stopped by Andrei Vasilevskiy with a rebound.
0:41 of 3rd period - Snap shot by Tyler Seguin.
0:41 of 3rd period - Stopped by Andrei Vasilevskiy without a rebound.
0:42 of 3rd period - Vincent Trocheck wins face-off versus Ryan Johansen in Canadiens zone.
2:38 of 3rd period - Penalty to David Pastrnak is over, David Pastrnak is back on ice.
3:30 of 3rd period - Minor Penalty to Alexandre Grenier for Holding.
3:31 of 3rd period - Vincent Trocheck wins face-off versus Ryan Johansen in Canadiens zone.
3:40 of 3rd period - Slapshot by Troy Stetcher.
3:40 of 3rd period - Stopped by Andrei Vasilevskiy with a rebound.
3:42 of 3rd period - Snap shot by Dougie Hamilton.
3:42 of 3rd period - Deflect By Ryan Johansen.
3:42 of 3rd period - Shot Misses the Net.
3:42 of 3rd period - Puck is out of play.
3:43 of 3rd period - Ryan Johansen wins face-off versus Vincent Trocheck in Canadiens zone.
3:52 of 3rd period - Slapshot by Dougie Hamilton.
3:52 of 3rd period - Stopped by Andrei Vasilevskiy without a rebound.
3:53 of 3rd period - Ryan Johansen wins face-off versus Vincent Trocheck in Canadiens zone.
5:25 of 3rd period - Icing by Dougie Hamilton.
5:26 of 3rd period - Alex Galchenyuk wins face-off versus Cody Eakin in Jets zone.
5:30 of 3rd period - Penalty to Alexandre Grenier is over, Alexandre Grenier is back on ice.
5:50 of 3rd period - Wrist shot by Ryan Johansen.
5:50 of 3rd period - Shot Misses the Net.
5:52 of 3rd period - Slapshot by Troy Stetcher.
5:52 of 3rd period - Shot Misses the Net.
6:44 of 3rd period - Ryan Johansen is hit by Justin Schultz and loses puck.
7:23 of 3rd period - Backhand shot by Alex Galchenyuk.
7:23 of 3rd period - Shot Blocked by Sean Zimmerman.
7:25 of 3rd period - Snap shot by Troy Stetcher.
7:25 of 3rd period - Stopped by Andrei Vasilevskiy with a rebound.
7:27 of 3rd period - Snap shot by Dougie Hamilton.
7:27 of 3rd period - Shot Blocked by Alexandre Grenier.
9:13 of 3rd period - Wrist shot by Tyler Seguin.
9:13 of 3rd period - Stopped by Andrei Vasilevskiy without a rebound.
9:14 of 3rd period - Henrik Zetterberg wins face-off versus Mika Zibanejad in Canadiens zone.
9:19 of 3rd period - Snap shot by Anthony Mantha.
9:19 of 3rd period - Shot Misses the Net.
9:21 of 3rd period - Slapshot by Erik Cernak.
9:21 of 3rd period - Deflect By Brian Dumoulin.
9:21 of 3rd period - Stopped by Andrei Vasilevskiy with a rebound.
9:23 of 3rd period - Snap shot by Erik Cernak.
9:23 of 3rd period - Deflect By Brent Burns.
9:23 of 3rd period - Stopped by Andrei Vasilevskiy without a rebound.
9:24 of 3rd period - Henrik Zetterberg wins face-off versus Mika Zibanejad in Canadiens zone.
9:25 of 3rd period - Snap shot by Anthony Mantha.
9:25 of 3rd period - Stopped by Andrei Vasilevskiy without a rebound.
9:26 of 3rd period - Henrik Zetterberg wins face-off versus Mika Zibanejad in Canadiens zone.
9:37 of 3rd period - Wrist shot by Mika Zibanejad.
9:37 of 3rd period - Stopped by Elvis Merzlikins with a rebound.
9:39 of 3rd period - Wrist shot by Mika Zibanejad.
9:39 of 3rd period - Shot Hit the Post.
9:41 of 3rd period - Slapshot by Brent Burns.
9:41 of 3rd period - Stopped by Elvis Merzlikins with a rebound.
9:43 of 3rd period - Snap shot by Chris Kreider.
9:43 of 3rd period - Stopped by Elvis Merzlikins with a rebound.
10:42 of 3rd period - Brent Burns is hit by Frank Vatrano and loses puck.
11:55 of 3rd period - Kyle Connor is hit by Marcus Kruger and loses puck.
12:03 of 3rd period - Icing by Kyle Connor.
12:04 of 3rd period - Vincent Trocheck wins face-off versus Henrik Zetterberg in Jets zone.
12:05 of 3rd period - Wrist shot by David Pastrnak.
12:05 of 3rd period - Shot Misses the Net.
13:42 of 3rd period - Icing by Brent Burns.
13:43 of 3rd period - Nino Niederreiter wins face-off versus Mika Zibanejad in Canadiens zone.
14:31 of 3rd period - Icing by Ryan Murray.
14:32 of 3rd period - Vincent Trocheck wins face-off versus Nino Niederreiter in Jets zone.
14:40 of 3rd period - Icing by Erik Cernak.
14:41 of 3rd period - Mika Zibanejad wins face-off versus Nino Niederreiter in Jets zone.
14:48 of 3rd period - Snap shot by David Pastrnak.
14:48 of 3rd period - Shot Misses the Net.
14:50 of 3rd period - Wrist shot by Chris Kreider.
14:50 of 3rd period - Deflect By David Pastrnak.
14:50 of 3rd period - Shot Blocked by Ryan Murray.
14:50 of 3rd period - Puck is out of play.
14:51 of 3rd period - Vincent Trocheck wins face-off versus Henrik Zetterberg in Jets zone.
14:52 of 3rd period - Slapshot by Artemi Panarin.
14:52 of 3rd period - Stopped by Elvis Merzlikins without a rebound.
14:53 of 3rd period - Henrik Zetterberg wins face-off versus Vincent Trocheck in Jets zone.
14:53 of 3rd period - Henrik Zetterberg is hit by Jordan Szwarz.
15:00 of 3rd period - Dougie Hamilton is hit by Jordan Szwarz and loses puck.
16:40 of 3rd period - Jordan Szwarz is hit by Frank Vatrano and loses puck.
17:26 of 3rd period - Wrist shot by Marcus Kruger.
17:26 of 3rd period - Stopped by Elvis Merzlikins with a rebound.
17:36 of 3rd period - Marcus Kruger is hit by Troy Stetcher and loses puck.
17:55 of 3rd period - Sam Reinhart is hit by Brian Dumoulin and loses puck.
18:27 of 3rd period - Dougie Hamilton is hit by Alexandre Grenier and loses puck.
18:44 of 3rd period - Wrist shot by Alexandre Grenier.
18:44 of 3rd period - Stopped by Elvis Merzlikins with a rebound.
18:46 of 3rd period - Snap shot by Rasmus Ristolainen.
18:46 of 3rd period - Shot Misses the Net.
18:48 of 3rd period - Wrist shot by Brandon Bollig.
18:48 of 3rd period - Deflect By Alexandre Grenier.
18:48 of 3rd period - Stopped by Elvis Merzlikins without a rebound.
18:49 of 3rd period - Ryan Johansen wins face-off versus Vincent Trocheck in Jets zone.
18:56 of 3rd period - Slapshot by Ryan Murray.
18:56 of 3rd period - Shot Misses the Net.
0:00 - Minor Penalty to Sean Zimmerman for Tripping.
Goals for this period are 0 for Jets vs 0 for Canadiens.
Shots for this period are 9 for Jets vs 7 for Canadiens.